Mekton, chaotic male elven Priest .. -..- -h.| .[h@| ..).- ..-.. . - Mekton the Acolyte Experience level: 4 Strength: 9 Dexterity: 11 Constitution: 14 Intelligence: 10 Wisdom: 20 Charisma: 12 Health: 0(36) Energy: 87(87) Def: 4 Gold: 0 Moves: 1149 Dungeon seed: ryh5ipZ6FO06CT3J Game ID: Mekton_1615641778 Your Inventory: Weapons a - a blessed +1 mace (weapon in hand) p - a +0 bow (alternate weapon; not wielded) u - a +0 dart x - 13 +0 daggers (in quiver) Armor e - a +0 robe (being worn) n - a +1 small shield (being worn) q - a +0 alchemy smock z - a +0 dwarvish cloak D - a +0 pair of iron shoes N - a +0 dwarvish cloak Y - a blessed +1 dwarvish cloak Comestibles c - a clove of garlic d - a sprig of wolfsbane i - 2 pancakes m - a food ration o - a slime mold Wands s - a wand of slow monster (0:5) Tools A - a tallow candle (0:200) F - 6 wax candles (0:400) J - a sack M - a partly used tallow candle (lit) (0:181) Gems r - a worthless piece of white glass Contents of the sack: 152 gold pieces a scroll of punishment a spellbook of cure sickness a spellbook of healing a potion of blindness 4 potions of holy water a wooden harp an obsidian stone a topaz stone 2 worthless pieces of violet glass Spells and supernatural/magical abilities: Name Level Category Fail Memory h - healing 1 healing 0% 95% K - cure sickness 3 healing 50% 95% W - pray for help -- divine ? -- X - turn undead -- divine ? -- Your skills at the end: Fighting Skills Weapon Skills mace [Basic] Spellcasting Skills clerical spells [Basic] Final Attributes: You were piously aligned. You were sleep resistant. You had infravision. You are dead. Vanquished creatures: 2 gnome lords 2 dwarves a giant bat a hobbit 3 giant rats a green mold 9 gnomes 4 jackals 3 kobolds a lichen a newt 28 creatures vanquished. Voluntary challenges: You used a wielded weapon 32 times, starting on turn 77. You read items or engraved 3 times, starting on turn 133. You never genocided any monsters. You never polymorphed an object. You never changed form. You used no wishes. You never split a pudding. You never wrote Elbereth's name. You never violated your personal moral code. Dungeon overview: The Dungeons of Doom: levels 1 to 2 Level 1 a long staircase Level 2 an altar to Venus stairs to The Gnomish Mines The Gnomish Mines: levels 3 to 4 Level 3 stairs to The Dungeons of Doom Level 4 <- You were here History has recorded: On T:1 you entered the Dungeons of Doom to retrieve the Amulet of Yendor! On T:328 you reached level 2 of The Dungeons of Doom. On T:645 you reached level 1 of The Gnomish Mines. On T:676 you advanced to experience level 2. On T:735 you advanced to experience level 3. On T:778 you advanced to experience level 4. On T:1129 you reached level 2 of The Gnomish Mines. Score breakdown: Gold: 152 ( 7431 points) Experience: 4 levels ( 9649 points) Exploration: 4 levels ( 8.16%) ( 7500 points) Discoveries: 8 items ( 2.80%) ( 5017 points) Valuables value: (no points given unless you survive) Artifact value: 0 ( 0 points) Variety of kills: 11 monsters ( 2.89%) ( 5097 points) Turncount: 1149 turns ( 0 points) Survival: died (score multiplied by 80%) Total score: 27755 Latest messages: You resume your meal. You stop eating. The dwarf throws a dagger! You are hit by a dagger. The dagger hits the dwarf. The dagger misses the dwarf. You hear some noises in the distance. You miss the dwarf. The dwarf hits! The gnome lord hurls a puce potion! The flagon crashes on your head and breaks into shards. You yawn. You hit the dwarf. The gnome lord hits! You hit the dwarf! The dwarf hits! You hit the gnome lord! The dwarf lord picks up 2 daggers. The gnome lord escapes upstairs! The dwarf hits! The dwarf lord wields a dagger! The dwarf lord thrusts his dagger. The dwarf lord hits! You die... Final status: Goodbye Mekton the Priest, killed by a dwarf lord... You died in The Gnomish Mines on dungeon level 4 with 27755 points, and 152 pieces of gold, after 1149 moves. You were level 4 with a maximum of 36 hit points when you died.